Map: Lightshade LE

Players

귤유

  • Race: Terran Terran
  • League: Platinum
  • Spawn Location: 11:00

FLORENCIO - Winner!

  • Race: Terran Terran
  • League: Bronze
  • Spawn Location: 5:00

VOD

Have the link to the VOD?

Description

Time

  • Played on: March 25, 2021, 10:22 p.m.
  • Length: 18:45
Show
View Real Time Build Order
Export as new Build Order

귤유 Terran 

Build Orders:  

Get SALT Encoding   

  12  0:00  SCV  
  13  0:13  SCV  
  14  0:17  Supply Depot  
  14  0:27  SCV  
  15  0:39  Barracks  
  15  0:40  SCV  
  16  0:45  Refinery  
  16  0:52  SCV  
  17  1:04  Refinery  
  17  1:06  SCV  
  19  1:18  SCV  
  19  1:30  Reaper  
  19  1:31  Orbital Command  
  20  1:52  Factory  
  20  1:54  Supply Depot  
  20  1:59  SCV  
  21  2:11  SCV  
  21  2:13  Reaper  
  23  2:27  Command Center  
  23  2:39  Hellion  
  23  2:42  Starport  
  25  2:47  Barracks Reactor  
  25  2:56  SCV  
  26  3:04  Factory Tech Lab  
  26  3:08  SCV  
  26  3:12  Supply Depot  
  27  3:18  Starport Tech Lab  
  27  3:20  SCV  
  27  3:24  Siege Tank  
  31  3:32  SCV  
  30  3:37  Bunker  
  30  3:46  Viking  
  16  4:08  Marine  
  17  4:16  Viking  
  12  5:08  SCV x2  
  13  5:34  SCV x2  
  15  5:49  SCV x2  
  17  6:05  SCV  
  17  6:06  SCV  
  19  6:14  Bunker  
  19  6:18  Marine x2, SCV  
  22  6:28  Orbital Command  
  22  6:32  SCV  
  23  6:45  SCV  
  24  6:57  SCV x2  
  26  7:02  Marine  
  26  7:03  Marine  
  28  7:09  SCV  
  29  7:23  SCV x2  
  29  7:24  Marine x2  
  33  7:35  SCV x2  
  35  7:47  SCV x2  
  35  7:48  Refinery  
  37  7:53  Siege Tank  
  37  7:54  Marine x2  
  42  7:59  SCV x2  
  44  8:11  SCV  
  45  8:15  Marine x2  
  45  8:17  SCV  
  48  8:23  SCV  
  48  8:24  Refinery, Raven  
  51  8:29  SCV  
  51  8:33  Marine x2, Supply Depot  
  54  8:40  SCV  
  55  8:41  SCV  
  56  8:51  Marine x2  
  56  8:52  SCV, Siege Tank  
  56  8:55  SCV  
  63  8:56  Supply Depot  
  63  9:04  SCV  
  63  9:07  SCV, Raven  
  63  9:08  Marine x2  
  69  9:16  SCV  
  70  9:19  SCV  
  71  9:28  SCV  
  72  9:31  SCV  
  72  9:36  Supply Depot  
  73  9:39  Marine x2  
  73  9:40  Siege Tank  
  78  9:48  SCV x2, Supply Depot  
  78  9:50  Raven  
  82  9:57  Marine x2  
  82  9:59  Supply Depot  
  84  10:02  SCV x2  
  86  10:14  SCV  
  80  10:34  Marine, SCV x2  
  80  10:35  Marine, Siege Tank, Raven  
  86  10:46  SCV x2  
  86  10:49  Command Center  
  88  10:50  Barracks  
  88  10:52  Marine x2, Barracks  
  90  11:07  Siege Tank  
  90  11:09  SCV x2  
  90  11:10  Marine x2  
  97  11:15  Engineering Bay  
  97  11:16  Engineering Bay  
  96  11:18  Raven  
  98  11:41  Supply Depot  
  98  11:48  Supply Depot x2  
  98  11:51  Siege Tank  
  101  12:03  Marine x2, SCV x2  
  101  12:04  Marine x2  
  101  12:06  Raven  
  101  12:08  Orbital Command  
  109  12:15  SCV x2  
  111  12:19  Refinery  
  111  12:21  Marine x3  
  114  12:23  Siege Tank  
  114  12:24  Refinery  
  114  12:25  Terran Infantry Weapons Level 1, Armory, Terran Infantry Armor Level 1  
  109  12:48  Raven  
  107  12:57  SCV x2  
  107  12:58  SCV  
  110  13:09  SCV  
  110  13:10  SCV x2  
  110  13:12  Marine x2  
  114  13:14  Siege Tank, Refinery  
  108  13:22  SCV x2  
  108  13:23  Barracks Tech Lab x2, Orbital Command  
  108  13:25  Barracks Reactor  
  106  13:30  Marine x2  
  102  13:59  Cyclone  
  97  14:09  Missile Turret x2  
  91  14:10  Missile Turret  
  75  14:31  Cyclone  
  75  14:37  Raven  
  75  14:39  Marine x2  
  75  14:40  Marine x3  
  75  14:41  SCV x3  
  79  14:53  SCV  
  79  14:57  Marine x2  
  78  15:03  Cyclone  
  78  15:05  SCV  
  78  15:06  SCV x2  
  78  15:07  Marine x2  
  84  15:08  Marine  
  85  15:18  SCV x2  
  73  15:50  Starport Reactor  
  73  15:56  Command Center  
  73  15:57  Missile Turret  
  73  15:59  Missile Turret x2  
  73  16:04  Missile Turret  
  73  16:05  Missile Turret  
  73  16:06  Missile Turret  
  73  16:09  Marine x2  
  73  16:11  Barracks Tech Lab  
  75  16:42  Marine x2  
  71  16:58  Marine  
  71  17:00  Marine x2  
  47  17:15  Viking  
  47  17:16  Marine  
  47  17:18  Marine x2  
  42  17:34  Marine  
  28  17:36  Marine, Marauder  
  28  17:45  Viking  
  28  17:52  Marine  
  28  17:54  Marine  
  28  17:58  Marauder  
  28  18:10  Marine  
Show
View Real Time Build Order
Export as new Build Order

FLORENCIO Terran - Winner!

Build Orders:  

Get SALT Encoding   

  12  0:01  SCV  
  13  0:13  SCV  
  14  0:19  Supply Depot  
  14  0:23  Refinery  
  14  0:28  SCV  
  15  0:42  Barracks  
  15  0:47  SCV  
  16  0:59  SCV  
  17  1:20  Barracks  
  17  1:24  Barracks  
  17  1:30  Reaper  
  18  2:02  Reaper  
  19  2:09  Reaper  
  19  2:11  Reaper  
  19  2:12  Barracks  
  19  2:14  Barracks  
  21  2:20  Supply Depot  
  21  2:41  Reaper  
  21  2:43  Reaper  
  23  2:50  Marine  
  24  3:07  Marine  
  24  3:30  Marine x2  
  26  3:34  Marine  
  26  3:43  Marine  
  26  3:48  Marine x2  
  28  3:52  Marine  
  25  4:06  Marine x2  
  25  4:10  Marine  
  26  4:23  Marine  
  26  4:24  Marine  
  28  4:28  Marine  
  28  4:30  Marine  
  25  4:41  Marine x2  
  25  5:06  Marine  
  22  5:10  Factory  
  22  5:14  Command Center  
  20  5:38  Refinery, Orbital Command  
  19  5:44  Supply Depot  
  19  6:03  Factory Tech Lab  
  19  6:05  SCV  
  20  6:17  SCV  
  21  6:29  SCV  
  21  6:31  Siege Tank  
  25  6:33  Starport  
  25  6:41  SCV  
  26  6:51  Orbital Command  
  26  6:53  SCV  
  27  7:03  Starport, Siege Tank  
  27  7:05  SCV  
  31  7:16  Engineering Bay  
  31  7:17  SCV  
  31  7:18  Viking  
  34  7:28  Marine  
  35  7:41  Viking  
  37  7:46  Marine  
  38  7:52  SCV  
  38  7:54  SCV  
  38  7:57  Refinery  
  38  7:58  Refinery  
  40  8:04  SCV  
  41  8:06  SCV  
  42  8:15  Viking  
  42  8:16  SCV  
  42  8:17  Viking  
  47  8:20  SCV  
  47  8:26  Siege Tank  
  51  8:28  SCV  
  52  8:35  SCV  
  52  8:40  SCV  
  54  8:47  Ghost Academy  
  54  8:53  Supply Depot  
  54  8:57  Supply Depot  
  54  9:02  Supply Depot  
  54  9:15  Viking, SCV x2  
  58  9:21  Personal Cloaking  
  58  9:25  Barracks Tech Lab  
  58  9:27  SCV x2  
  58  9:31  Viking  
  62  9:39  SCV x2  
  64  9:47  Viking  
  64  9:51  SCV x2, Ghost  
  65  10:38  Viking x2  
  69  10:46  Nuke  
  69  10:47  SCV x2  
  71  10:59  SCV x2  
  71  11:01  Fusion Core  
  73  11:08  Starport, Starport Tech Lab  
  73  11:09  Starport Tech Lab  
  73  11:11  SCV x2  
  75  11:23  SCV  
  76  11:42  Command Center  
  76  11:54  Siege Tank  
  76  12:01  Starport Tech Lab  
  77  12:06  Nuke, Supply Depot x2  
  77  12:27  Ghost  
  77  12:28  Battlecruiser x2  
  77  12:29  Command Center  
  76  12:57  Battlecruiser  
  82  13:00  Weapon Refit  
  82  13:28  Planetary Fortress  
  82  13:30  SCV x2  
  82  13:32  Battlecruiser x2  
  84  13:42  SCV x2  
  86  13:54  SCV x2  
  88  14:15  Battlecruiser  
  92  14:45  Battlecruiser x2  
  104  15:36  SCV x2  
  104  15:39  Refinery  
  104  15:41  Refinery  
  106  15:48  SCV x2  
  108  16:00  SCV x2  
  122  16:11  Battlecruiser x2  
  122  16:12  SCV x2  
  124  16:52  SCV x2  
Tags
 
Matchup
TvT
Race
Terran
Spawn Locations
Cross Positions
Add a new tag
Caveats
  • Supply blocks, unpowered buildings, or Contaminate may cause inaccurate times.
  • Supply counts are checked every 10 seconds.